 Dungeon Crawl Stone Soup version 0.17-a0-1475-g9f81d98 (console) character file.

448 Monkaria the Covered (level 6, 0/85 HPs)
             Began as a Minotaur Wanderer on July 2, 2015.
             Was a Follower of Sif Muna.
             Succumbed to a scorpion's poison
             ... on level 5 of the Dungeon.
             The game lasted 00:09:26 (3113 turns).

Monkaria the Covered (Minotaur Wanderer)            Turns: 3113, Time: 00:09:26

Health: 0/85       AC: 23    Str: 18    XL:     6   Next: 73%
Magic:  5/5        EV:  2    Int:  8    God:    Sif Muna [*.....]
Gold:   204        SH:  0    Dex: 11    Spells: 0 memorised, 5 levels left

rFire  + . .     SeeInvis .     b - +0 mace
rCold  + . .     Clarity  .     (armour currently unavailable)
rNeg   + + +     SustAt   .     (no shield)
rPois  +         Gourm    .     (helmet currently unavailable)
rElec  +         Spirit   .     (cloak currently unavailable)
rCorr  +         Warding  .     (gloves currently unavailable)
rMut   .         NoTele   +     (boots currently unavailable)
MR     +....                    (no amulet)
Stlth  ++........               n - ring of protection from magic
                                j - ring of flight

@: lethally poisoned (0 -> -13), tree-form, resistant, somewhat resistant to
hostile enchantments, unstealthy
A: (retaliatory headbutt), (horns 0)
a: Channel Energy, Renounce Religion


You were on level 5 of the Dungeon.
You worshipped Sif Muna.
Sif Muna was aware of your devotion.
You were not hungry.
You were a tree.
You visited 1 branch of the dungeon, and saw 5 of its levels.

You collected 204 gold pieces.

Inventory:

Hand weapons
 b - a +0 mace (weapon)
 c - a +0 shortbow
 s - a +0 blowgun
 w - a +0 falchion
Missiles
 d - 24 arrows
 t - 54 poisoned needles
Armour
 a - a +2 scale mail (melded)
 r - a +0 pair of gloves (melded)
Jewellery
 j - a ring of flight (left branch)
 n - a ring of protection from magic (right branch)
Scrolls
 i - 3 scrolls of identify {unknown}
 k - a scroll of teleportation {unknown}
 l - a scroll of fear {unknown}
 q - 2 scrolls of random uselessness {unknown}
 y - a scroll of enchant armour {unknown}
 z - a scroll of remove curse {unknown}
 A - a scroll of noise {unknown}
Potions
 g - a potion of curing {unknown}
 p - a potion of brilliance {unknown}
 v - a potion of cancellation {unknown}
Comestibles
 e - 4 bread rations
 o - 2 beef jerkies
 u - a meat ration


   Skills:
 - Level 6.1 Fighting
 + Level 5.7 Maces & Flails
 - Level 1.1 Bows
 - Level 7.2 Armour
 - Level 1.0 Stealth
   Level 1.2 Shields


You had 5 spell levels left.
You didn't know any spells.

Dungeon Overview and Level Annotations

Branches:
Dungeon (5/15)
 Temple: D:4-7

Altars:
Sif Muna
Xom

Portals:
Ossuary: D:5


Innate Abilities, Weirdness & Mutations

((You reflexively headbutt those who attack you in melee.))
((You have a pair of horns on your head.))


Message History

You feel sick.
The scorpion stings you but does no damage.
You continue eating.
The scorpion stings you!
* * * LOW HITPOINT WARNING * * *
You are more poisoned.
The scorpion poisons you!
You finish eating.
That royal jelly was delicious!
Drink which item? (? for menu, Esc to quit)
It was a potion of resistance.
You feel protected.
* * * LOW HITPOINT WARNING * * *
You feel sick. The scorpion barely misses you. You furiously retaliate!
You headbutt the scorpion!
Drink which item? (? for menu, Esc to quit)
It was a potion of lignification.
You turn into a tree.
Your +0 pair of gloves melds into your body.
Your +2 scale mail melds into your body.
Your roots penetrate the ground.
You die...

#.......# .#
#....(..##..###
#.....).......#
###.#.....# #...#
..... ##..<# ...#
#.####.##>.#
######....#.....#
#....#.##.#....♣###
#.##.#.#.......s..#
##.##...#..#######.#
...######..#..∩..#.#
#### #..#.....#.# #
##.#.#.#.#.# #
###).#.#.#.#.# #
#....###.###.# #
#.##.........#


You could see a scorpion.

Vanquished Creatures
  2 ogres
  A phantom (D:4)
  2 orc wizards (D:3)
  2 worker ants
  5 adders
  2 worms
  An orc (D:3)
  A ball python (D:3)
  A bat skeleton (D:4)
  4 giant cockroaches
  9 hobgoblins
  8 kobolds
  A quokka (D:4)
  13 bats
  A giant gecko (D:1)
  2 giant newts
  7 goblins
  A goblin zombie (D:5)
  A quokka zombie (D:5)
  13 rats
77 creatures vanquished.

Notes
Turn   | Place    | Note
--------------------------------------------------------------
     0 | D:1      | Monkaria the Minotaur Wanderer began the quest for the Orb.
     0 | D:1      | Monkaria set off with: a +2 scale mail, a +0 mace, a +0 shortbow, 26 arrows, a bread ration
     0 | D:1      | Reached XP level 1. HP: 16/16 MP: 0/0
   445 | D:1      | Reached XP level 2. HP: 25/25 MP: 1/1
   686 | D:2      | Reached XP level 3. HP: 20/31 MP: 2/2
   733 | D:2      | Found a shimmering altar of Xom.
  1249 | D:3      | Reached XP level 4. HP: 14/41 MP: 3/3
  1266 | D:3      | Reached skill level 5 in Fighting
  1492 | D:3      | Found a faded altar to an unknown god.
  1620 | D:3      | Became a worshipper of Sif Muna the Loreminder
  1620 | D:3      | Acquired Sif Muna's first power
  1830 | D:3      | Reached XP level 5. HP: 34/50 MP: 4/4
  1934 | D:4      | Noticed an ogre
  1943 | D:4      | Killed an ogre
  2386 | D:4      | Reached XP level 6. HP: 57/57 MP: 5/5
  2502 | D:4      | Noticed a phantom
  2528 | D:4      | Killed a phantom
  2863 | D:5      | Entered Level 5 of the Dungeon
  2960 | D:5      | Reached skill level 5 in Maces & Flails
  3055 | D:5      | Found a sand-covered staircase.
  3111 | D:5      | HP: 2/57 [scorpion (8)]
  3113 | D:5      | Succumbed to a scorpion's poison

Vault maps used:
D:1:      mrwooster_arrival_statue, minmay_crystal_water
D:2:      xom_teletrap_fun, first_bread
D:3:      ecumenical_altar_1
D:5:      minmay_temple_entry_fiery, enter_ossuary_4, uniq_duvessa

Action                   |  1- 3 |  4- 6 || total
-------------------------+-------+-------++-------
Melee: Mace              |    87 |   131 ||   218
 Fire: Shortbow          |       |     5 ||     5
       Blowgun           |       |     2 ||     2
  Use: Potion            |       |     2 ||     2
  Eat: Chunk             |       |     5 ||     5
       Royal jelly       |       |     1 ||     1
